Unix NetHack Version 3.7.0-53 Work-in-progress - last build Mar 21 2022 02:33:53 (e25487e73a26563eb890138f5364dfe52547422e,branch:master). Game began 2022-03-26 17:54:42, ended 2022-03-26 18:43:40. lew, chaotic male human Wizard ----- -------------- |...| |............| --------- |...| ---------------- |............| ##-.......| |....### |.....(........| |............| # |...Z...| |...| #######...............-#0 ##.............| ### |...>...| -|-.- |..............| # # |............| # |.......| # -+---------:---- ###### ---------|---- # ------.-- # a ## # ## ## # # # # # ## # ###############)##### # + # ## # ### # ### # # # ## # # # #### ## # ## # # # --.-.- # -----.- #### 0####### # # # |....| ? |...<.| # --|-|- -----.--|- ###......### |.....|#### |....| |........| |....| |...^[-# |..[.| |...!.....## |....-######## ------- 0######-....| |........| |....| |....| ---------- ------ ------ Lew the Thaumaturge St:12 Dx:14 Co:13 In:16 Wi:11 Ch:12 Chaotic Dlvl:7 $:171 HP:0(38) Pw:19(58) AC:10 Xp:6/590 T:3142 Deaf Latest messages: You miss the killer bee. The killer bee stings! You miss the killer bee. You miss the killer bee. The killer bee stings! The killer bee stings! You miss the killer bee. The killer bee stings! The killer bee stings! You miss the killer bee. The killer bee stings! You return to human form! You miss the killer bee. In what direction? The spell misses the killer bee. The spell hits it. You kill it! The spell hits the killer bee! You kill the killer bee! A bubbly potion shatters! The killer bee stings! What do you want to put on? [dgnoZ or ?*] You can't handle your ring of slow digestion! The killer bee just misses! You miss the killer bee. The killer bee stings! You miss the killer bee. The killer bee stings! The killer bee stings! You miss the killer bee. The killer bee stings! The killer bee stings! The killer bee's sting was poisoned! In what direction? The spell hits the killer bee! You kill the killer bee! The killer bee stings! The killer bee stings! What do you want to use or apply? [cmnqrTVY or ?*] You start playing your drum. You beat a deafening row! The killer bee turns to flee. The newt turns to flee. The killer bee stings! You die... Do you want your possessions identified? [ynq] (y) Do you want to see your attributes? [ynq] (y) Do you want an account of creatures vanquished? [ynaq] (y) Do you want to see your conduct and achievements? [ynq] (y) Do you want to see the dungeon overview? [ynq] (y) Major events: Turn 1: lew the chaotic male human Wizard entered the dungeon 800: found Grimtooth in a shop 842: attained the rank of Conjurer (level 3) 1092: entered the Gnomish Mines 2744: attained the rank of Thaumaturge (level 6) 3142: killed by a killer bee Inventory: Coins $ - 171 gold pieces Weapons D - the +0 Grimtooth Comestibles U - 2 uncursed food rations Scrolls i - an uncursed scroll of charging X - an uncursed scroll of identify j - an uncursed scroll of punishment k - an uncursed scroll of remove curse S - an uncursed scroll of teleportation Rings o - an uncursed ring of conflict e - an uncursed ring of invisibility (on left hand) d - an uncursed ring of slow digestion Z - an uncursed ring of stealth g - an uncursed ring of warning Wands Y - a blessed wand of light (0:13) q - a wand of light (0:13) r - a wand of lightning (0:5) c - a wand of speed monster (0:2) Tools V - an uncursed leather drum n - an uncursed blindfold T - a can of grease (0:15) m - an uncursed skeleton key Lew the Wizard's attributes: Background: You were a Thaumaturge, a level 6 male human Wizard. You were chaotic, on a mission for Anhur who was opposed by Ptah (lawful) and Thoth (neutral). You were in the Dungeons of Doom, on level 7. You entered the dungeon 3142 turns ago. You had 590 experience points, 50 more were needed to attain level 7. Basics: You had 0 out of 38 hit points. You had 19 out of 58 energy points (spell power). Your armor class was 10. Your wallet contained 171 zorkmids. Autopickup was off. Final Characteristics: Your strength was 12 (limit:18/100). Your dexterity was 14 (limit:18). Your constitution was 13 (limit:18). Your intelligence was 16 (limit:18). Your wisdom was 11 (limit:18). Your charisma was 12 (limit:18). Final Status: You were deaf. You were not hungry. You were unencumbered. You were bare handed. You were unskilled in bare handed combat. You were not wearing any armor. Final Attributes: You were piously aligned. You were level-drain resistant. You were telepathic. You were invisible. You aggravated monsters. You were a werewolf. You were harmed by silver. You were fast. You were very unlucky. You are dead. Miscellaneous: You never encountered a bones level. Total elapsed playing time was 48 minutes and 57 seconds. Vanquished creatures: a winter wolf a small mimic a wolf a leprechaun a werewolf a fire ant a water nymph 2 rock piercers a yellow light a violet fungus 2 gnome leaders 4 giant ants 2 floating eyes a kitten 5 hill orcs a giant bat an orc zombie an iguana 3 killer bees an acid blob a hobbit 2 large kobolds a giant rat 2 red molds 4 geckos 5 jackals a fox 2 kobolds a goblin 6 grid bugs 5 lichens 62 creatures vanquished. No species were genocided or became extinct. Voluntary challenges: You were illiterate. You never engraved Elbereth. You never genocided any monsters. You never polymorphed an object. You used no wishes. Achievements: You entered a shop. You attained the rank of Conjurer. You entered the Gnomish Mines. You attained the rank of Thaumaturge. The Dungeons of Doom: levels 1 to 7 Level 1: A fountain. Level 2: A sink, a grave. Level 3: "vault" An armor shop. Stairs down to The Gnomish Mines. Level 4: A general store. Level 5: A general store, a fountain, a grave. Level 6: A fountain. Level 7: <- You were here. Final resting place for you, killed by a killer bee. The Gnomish Mines: Level 4: Game over: ---------- / \ / REST \ / IN \ / PEACE \ / \ | lew | | 171 Au | | killed by a | | killer bee | | | | | | 2022 | *| * * * | * _________)/\\_//(\/(/\)/\//\/|_)_______ Goodbye lew the Wizard... You died in The Dungeons of Doom on dungeon level 7 with 2834 points, and 171 pieces of gold, after 3142 moves. You were level 6 with a maximum of 38 hit points when you died.